 Dungeon Crawl Stone Soup version 0.30-a0-883-g5ad918d77d (webtiles) character file.

Game seed: 1137534804015011020

46 jimonade the Magician (level 3, 0/28 HPs)
             Began as a Djinni Warper on Mar 15, 2023.
             Slain by Natasha (8 damage)
             ... on level 2 of the Dungeon.
             The game lasted 00:01:43 (992 turns).

jimonade the Magician (Djinni Warper)                Turns: 992, Time: 00:01:44

Health: 0/28       AC:  3    Str: 12    XL:     3   Next: 92%
Gold:   43         EV: 11    Int: 14    God:
                   SH:  0    Dex: 12

rFire   + + .      SeeInvis .    a - +0 spear
rCold   x . .      Faith    .    o - orb {light}
rNeg    . . .      Spirit   .    b - +0 leather armour
rPois   ∞          Reflect  .    (no helmet)
rElec   .          Rampage  .    (no cloak)
rCorr   .                        (no gloves)
Will    .....                    (boots unavailable)
Stlth   +                        (no amulet)
HPRegen 0.24/turn                (no ring)
MPRegen 0.00/turn                (no ring)

@: flying, glowing
A: sickness immunity, fire resistance 2, cold vulnerability 1, float, innate
caster, HP casting, extra vitality 1
a: no special abilities


You were on level 2 of the Dungeon.
You visited 1 branch of the dungeon, and saw 2 of its levels.

You collected 43 gold pieces.

Inventory:

Hand Weapons
 a - a +0 spear (weapon)
Missiles
 d - 7 boomerangs of dispersal
 i - 5 poisoned darts
Armour
 b - a +0 leather armour (worn)
 h - a +0 ring mail
 o - an orb of light (worn)
Scrolls
 c - a scroll of blinking
 e - a scroll of butterflies {unknown}
 f - 2 scrolls of torment {unknown}
 j - a scroll of identify {unknown}
 k - a scroll of enchant weapon {unknown}
 l - a scroll of silence {unknown}
 m - a scroll of noise {unknown}
 n - a scroll of teleportation {unknown}
Potions
 g - a potion of degeneration {unknown}


   Skills:
 - Level 2.0 Fighting
 - Level 1.5 Polearms
 - Level 0.7 Throwing
 - Level 1.0 Armour
 - Level 2.1 Dodging
 + Level 3.5 Spellcasting


You knew the following spells:

 Your Spells              Type           Power      Damage    Failure   Level
a - Blink                 Tloc           24%        N/A       9%          2
b - Lesser Beckoning      Tloc           24%        N/A       9%          2
c - Vhi's Electric Charg  Tloc/Air       24%        N/A       19%         3
d - Teleport Other        Tloc           12%        N/A       19%         3
e - Manifold Assault      Tloc           12%        N/A       52%         4
f - Magic Dart            Conj           48%        1d5       6%          1
Your spell library was empty.

Dungeon Overview and Level Annotations

Branches:
Dungeon (2/15)

Altars:

Annotations:
D:2 Natasha


Innate Abilities, Weirdness & Mutations

You are immune to sickness and miasma.
You are immune to poison.
Your flesh is very heat resistant. (rF++)
You are vulnerable to cold. (rC-)
You float through the air rather than walking.
You learn spells naturally, not from books.
Your magical power is your life essence.
You have superior vitality. (+4 MHP)


Message History

No target in view!
No target in view!
Found 4 gold pieces.
You now have 33 gold pieces (gained 4).
Found 10 gold pieces.
Found a scroll labelled QARRUBA TOCURE.
You now have 43 gold pieces (gained 10).
A kobold and a frilled lizard come into view.
The kobold shouts!
The frilled lizard hisses angrily.
You hear an angry hiss.
There are monsters nearby!
You hit the kobold.
You kill the kobold!
Natasha, Servant of Life and Death comes into view.
She is carrying a wand of flame (23).
You reach to attack!
You barely miss the frilled lizard. You hit the frilled lizard.
The frilled lizard is heavily wounded.
The frilled lizard barely misses you.
You hit the frilled lizard.
You kill the frilled lizard!
Natasha stares at you and mumbles some strange words.
The magic dart hits you.
You reach to attack!
You hit Natasha.
Natasha is lightly wounded.
Natasha stares at you and mumbles some strange words.
The magic dart hits you.
You reach to attack!
You barely miss Natasha.
Natasha is lightly wounded.
You hit Natasha.
Natasha is heavily wounded.
Natasha barely misses you.
You hit Natasha but do no damage.
Natasha is heavily wounded.
Natasha claws you!
Natasha stares at you and mumbles some strange words.
The magic dart hits you.
* * * LOW HITPOINT WARNING * * *
You hit Natasha but do no damage.
Natasha is heavily wounded.
Natasha claws you!
You die...

#.# #.# .# #.# h# #.#
.# #.# l# #.# .# #.#
.#
############.###)##?#
#............@h.....#
#.###################
#.# ####.# .....#
######


You could see Natasha.

Vanquished Creatures
  Natasha (D:2)
  A worm (D:2)
  3 endoplasms (D:1)
  A goblin (D:1)
  2 jackals (D:1)
  4 ball pythons
  A bat (D:2)
  2 frilled lizards
  3 kobolds
  A rat (D:1)
19 creatures vanquished.

Notes
Turn   | Place    | Note
-------+----------+-------------------------------------------
     0 | D:1      | jimonade the Djinni Warper began the quest for the Orb.
     0 | D:1      | jimonade set off with the following spells memorised:
                  | Blink, Lesser Beckoning, Vhi's Electric Charge, Teleport
                  | Other, Manifold Assault.
     0 | D:1      | Reached XP level 1. HP: 18/18 MP: 0/0
   170 | D:1      | Reached XP level 2. HP: 23/23 MP: 0/0
   563 | D:1      | Reached skill level 3 in Spellcasting
   834 | D:2      | Noticed Natasha
   841 | D:2      | Noticed a crimson imp
   841 | D:2      | Killed Natasha
   842 | D:2      | Reached XP level 3. HP: 26/28 MP: 0/0
   842 | D:2      | Learned a level 1 spell: Magic Dart
   980 | D:2      | Noticed Natasha
   992 | D:2      | Slain by Natasha

Illustrated notes

Levels and vault maps discovered:
D:1:      scummos_arrival_star, layout_loops_corners
D:2:      layout_loops_ring, uniq_natasha

Skill      XL: |  1  2 |
---------------+-------+-----
Spellcasting   | 3 |  3.5
Fighting       | |  2.0
Polearms       | |  1.5
Throwing       | |  0.7
Armour         | |  1.0
Dodging        | |  2.1

Action                     || total
---------------------------++-------
  Melee: Spear             ||    66
   Cast: Magic Dart        ||     4
 Armour: Leather armour    ||    13
  Dodge: Dodged            ||    26

Table legend: (Time is in decaauts)
 A = Elapsed time spent in this place.
 B = Non-inter-level travel time spent in this place.
 C = Inter-level travel time spent in this place.
 D = Time resting spent in this place.
 E = Time spent auto-exploring this place.
 F = Levels seen in this place.
 G = Mean time per level.
                   A        B        C        D        E       F      G
               +--------+--------+--------+--------+--------+-----+--------+
         Total |    993 |    975 |     18 |     60 |    610 |   2 |  496.5 |
       Dungeon |    993 |    975 |     18 |     60 |    610 |   2 |  496.5 |
               +--------+--------+--------+--------+--------+-----+--------+

Top non-repeatable levels by time:
     D:1: 818 daAuts
     D:2: 175 daAuts
